 Dungeon Crawl Stone Soup version 0.24-a0-378-g94936e539c (webtiles) character file.

Game seed: 1441338689961952435

1152 MTandi the Spear-Bearer (level 8, -7/81 HPs)
             Began as a Merfolk Ice Elementalist on June 2, 2019.
             Mangled by Pikel
             ... wielding a +1 whip of electrocution
              (19 damage)
             ... on level 5 of the Dungeon.
             The game lasted 00:26:36 (3930 turns).

MTandi the Spear-Bearer (Merfolk Ice Elementalist)  Turns: 3930, Time: 00:26:36

Health: -7/81      AC: 30    Str: 11    XL:     8   Next: 38%
Magic:  9/11       EV:  2    Int: 17    God:
Gold:   304        SH:  3    Dex: 14    Spells: 1/11 levels left

rFire    . . .     SeeInvis .   p - +4 spear
rCold    . . .     Gourm    .   i - +0 buckler
rNeg     + + +     Faith    .   (armour currently unavailable)
rPois    +         Spirit   .   (helmet currently unavailable)
rElec    .         Reflect  .   (cloak currently unavailable)
rCorr    .         Harm     .   (gloves currently unavailable)
MR       +....     Clarity  +   (boots currently unavailable) Stlth ++........NoTele +
                                (no amulet)
HPRegen  0.23/turn              h - +3 ring of intelligence
MPRegen  0.12/turn              e - ring of poison resistance

@: icy armour, tree-form (expiring)
A: (change form in water), (swift swim), (stealthy swim), clarity, magic
resistance 1
a: no special abilities


You were on level 5 of the Dungeon.
You were not hungry.
You were a tree.
You visited 1 branch of the dungeon, and saw 5 of its levels.

You collected 304 gold pieces.

Inventory:

Hand Weapons
 g - a +0 hunting sling
 p - a +4 spear (weapon)
 r - a +0 glaive
 t - a +0 scythe
 y - a +1 flail of holy wrath
Missiles
 k - 36 sling bullets
Armour
 b - a +0 plate armour
 i - a +0 buckler (worn)
 j - a +0 cloak (melded)
 o - a +0 troll leather armour
 u - a +1 leather armour of fire resistance (melded)
 x - a +0 helmet (melded)
Jewellery
 e - a ring of poison resistance (right branch)
 h - a +3 ring of intelligence (left branch)
 l - an uncursed ring of fire
 v - an uncursed ring of protection from cold {unknown}
 w - an uncursed ring of flight {unknown}
 D - an uncursed ring of fire
Wands
 s - a wand of enslavement (1)
 E - a wand of digging (3)
Scrolls
 f - 4 scrolls of identify
 C - 2 scrolls of amnesia {unknown}
Potions
 a - a potion of cancellation {unknown}
 m - a potion of flight {unknown}
 n - 2 potions of lignification {unknown}
 q - 2 potions of might {unknown}
 z - a potion of brilliance {unknown}
 A - a potion of resistance {unknown}
 B - a potion of agility {unknown}
Comestibles
 c - 6 rations
 d - 7 chunks of flesh


   Skills:
 - Level 1.3 Fighting
 * Level 8.9 Polearms
 - Level 0.1 Slings
 - Level 2.9 Dodging
 - Level 2.2 Stealth
 - Level 2.2 Spellcasting
 - Level 0.7 Conjurations
 - Level 2.4 Charms
 + Level 2.1 Summonings
 + Level 7.3 Ice Magic


You had one spell level left.
You knew the following spells:

 Your Spells              Type           Power        Failure   Level  Hunger
a - Freeze                Ice            ####         1%          1    #......
b - Throw Frost           Conj/Ice       ###...       9%          2    ###....
c - Ozocubu's Armour      Chrm/Ice       ###.....     13%         3    ###....
d - Summon Ice Beast      Ice/Summ       ###.....     41%         4    #####..

Your spell library contained the following spells:

 Spells                   Type           Power        Failure   Level  Hunger
 Throw Icicle             Conj/Ice       ###.....     52%         4    #####..


Dungeon Overview and Level Annotations

Branches:
Dungeon (5/15)
 Temple: D:4-7

Altars:
Fedhas

Shops:
D:4 ?

Annotations:
D:5 Pikel


Innate Abilities, Weirdness & Mutations

((You revert to your normal form in water))
((You are very nimble and swift while swimming.))
((You are very stealthy in the water. (Stealth+)))
((You are partially covered in slimy green scales. (AC +2)))
You possess an exceptional clarity of mind.
You are resistant to hostile enchantments. (MR+)


Message History

* * * LOW HITPOINT WARNING * * *
You hit Pikel but do no damage.
Pikel is severely wounded.
You miss Pikel.
Pikel is severely wounded.
Pikel zaps a wand.
You resist with almost no effort.
You hit Pikel but do no damage.
Pikel is severely wounded.
Your transformation is almost over.
Pikel hits you but does no damage.
You are electrocuted!
* * * LOW HITPOINT WARNING * * *
Evoke which item? (* to show all) (? for menu, Esc to quit)
Okay, then.
Okay, then.
You hit Pikel.
Pikel is severely wounded.
You hit Pikel.
Pikel is severely wounded.
Pikel hits you but does no damage.
You are electrocuted!!
You die...

........###.##.#.##
........###.......#
######.#..........#
#.#.##..#.#..#
#####.#.##..#.#..#
#........†.÷#.#..# .
#.......###......######...
#........####.#.##p[......
#........###.#.♣Kpp...$...
#........##.###.##p.......
#.......####.#.######.#...
#.......#####..# # .
######.......#.#
#.#####.#.# #.#####.#.#
#######.##......#####
...........##...÷...#


You could see Pikel and 4 slaves.

Vanquished Creatures
  Grinder (D:3)
  Sigmund (D:3)
  3 ogres (D:4)
  2 scorpions (D:4)
  A crimson imp (D:4)
  A centaur zombie (D:5)
  2 orc wizards (D:4)
  2 hounds
  Jessica (D:2)
  2 worker ants (D:5)
  A hound skeleton (D:4)
  A worker ant zombie (D:5)
  3 gnolls (D:5)
  7 adders
  An ooze (D:2)
  An adder skeleton (D:4)
  A dart slug (D:2)
  3 leopard geckos (D:2)
  5 orcs (D:4)
  2 ball pythons
  8 bats
  5 giant cockroaches
  6 goblins
  8 hobgoblins
  6 jackals
  6 quokkas
  4 frilled lizards
  6 kobolds
  6 rats
96 creatures vanquished.

Notes
Turn   | Place    | Note
-------+----------+-------------------------------------------
     0 | D:1      | MTandi the Merfolk Ice Elementalist began the quest for the
                  | Orb.
     0 | D:1      | Reached XP level 1. HP: 13/13 MP: 3/3
   204 | D:1      | Reached XP level 2. HP: 19/19 MP: 5/5
   814 | D:1      | Learned a level 2 spell: Throw Frost
   894 | D:2      | Reached XP level 3. HP: 20/24 MP: 2/6
   966 | D:2      | Noticed Jessica
   993 | D:2      | Killed Jessica
  1050 | D:2      | Reached skill level 5 in Ice Magic
  1050 | D:2      | Reached XP level 4. HP: 25/30 MP: 7/7
  1277 | D:2      | Reached skill level 1 in Fighting
  1927 | D:3      | Noticed Sigmund
  1940 | D:3      | Gained mutation: Armour fits poorly on your strangely
                  | shaped body. [potion of mutation]
  1940 | D:3      | Gained mutation: You have a pair of small horns on your
                  | head. [potion of mutation]
  1940 | D:3      | Gained mutation: You are resistant to hostile enchantments.
                  | (MR+) [potion of mutation]
  1941 | D:3      | Reached skill level 1 in Polearms
  1941 | D:3      | Reached XP level 5. HP: 34/37 MP: 6/8
  2019 | D:4      | Found Ceybrup's Magic Scroll Boutique.
  2062 | D:4      | Reached skill level 2 in Polearms
  2092 | D:3      | Found a blossoming altar of Fedhas.
  2123 | D:4      | Noticed an ogre
  2125 | D:4      | Reached skill level 3 in Polearms
  2135 | D:4      | Killed an ogre
  2135 | D:4      | Reached skill level 4 in Polearms
  2135 | D:4      | Reached XP level 6. HP: 17/43 MP: 9/9
  2158 | D:4      | Reached skill level 5 in Polearms
  2191 | D:4      | Learned a level 3 spell: Ozocubu's Armour
  2353 | D:4      | HP: 2/43 [ogre/+0 giant spiked club (14)]
  2357 | D:4      | Reached skill level 1 in Charms
  2357 | D:4      | Reached XP level 7. HP: 4/48 MP: 6/10
  2365 | D:4      | Reached skill level 6 in Polearms
  2967 | D:3      | Lost mutation: Armour fits poorly on your strangely shaped
                  | body. [potion of mutation]
  2967 | D:3      | Lost mutation: You have a pair of small horns on your head.
                  | [potion of mutation]
  2967 | D:3      | Gained mutation: You possess an exceptional clarity of
                  | mind. [potion of mutation]
  2967 | D:3      | Gained mutation: You are partially covered in slimy green
                  | scales. (AC +2) [potion of mutation]
  3003 | D:3      | Noticed Grinder
  3017 | D:3      | Paralysed by Grinder for 2 turns
  3020 | D:3      | Killed Grinder
  3020 | D:3      | Reached skill level 7 in Polearms
  3026 | D:3      | Learned a level 4 spell: Summon Ice Beast
  3081 | D:3      | Killed Sigmund
  3081 | D:3      | Reached skill level 8 in Polearms
  3081 | D:3      | Reached skill level 1 in Summonings
  3081 | D:3      | Reached XP level 8. HP: 54/54 MP: 8/11
  3669 | D:5      | Entered Level 5 of the Dungeon
  3900 | D:5      | Noticed Pikel
  3930 | D:5      | Mangled by Pikel

Levels and vault maps discovered:
D:1:      beargit_arrival_greenhouse, layout_basic, moated_statue
D:2:      wad_pebble_path, layout_loops_corners, uniq_jessica
D:3:      layout_loops_ring, nicolae_overflow_hidden_temple, serial_glass,
          glass_columns_b, glass_columns_a, glass_columns_b, glass_columns_b,
          due_unseen_surprise, first_ration, uniq_grinder, uniq_sigmund
D:4:      layout_basic, serial_shops, nicolae_shop_waterfront
D:5:      layout_loops_cross, uniq_pikel

Skill      XL: |  1  2  3  4  5  6  7  8 |
---------------+-------------------------+-----
Ice Magic      | 4 5 6 7 |  7.3
Fighting       | 1 |  1.3
Polearms       | 1 4 5 8 |  8.9
Charms         | 1 2 |  2.4
Summonings     | 1 2 |  2.1
Slings         | |  0.1
Dodging        | |  2.9
Stealth        | |  2.2
Spellcasting   | |  2.2
Conjurations   | |  0.7

Action                   |  1- 3 |  4- 6 |  7- 9 || total
-------------------------+-------+-------+-------++-------
Melee: Hand axe          |    20 |    47 |       ||    67
       Spear             |       |    82 |   188 ||   270
       Headbutt          |       |     9 |     7 ||    16
 Fire: Hunting sling     |    41 |       |       ||    41
Throw: Stone             |     1 |       |       ||     1
 Cast: Freeze            |     9 |     2 |       ||    11
       Throw Frost       |     2 |     1 |       ||     3
       Ozocubu's Armour  |       |     1 |     3 ||     4
Evoke: Wand              |       |       |     1 ||     1
  Use: Potion            |       |     2 |     1 ||     3
       Scroll            |       |     3 |       ||     3
 Stab: Sleeping          |       |     1 |     3 ||     4
  Eat: Chunk             |     1 |     4 |     6 ||    11
Armor: Robe              |     4 |     1 |       ||     5
       Troll leather arm |       |    29 |     2 ||    31
       Plate armour      |       |       |    36 ||    36
       Leather armour    |       |       |    30 ||    30
       Skin              |       |       |     8 ||     8
Dodge: Dodged            |    21 |    76 |    52 ||   149
Block: Buckler           |       |     9 |    13 ||    22

Table legend:
 A = Non-vault XP
 B = Vault XP
 C = Vault XP percentage of total XP
 D = Non-vault monster count
 E = Vault monster count
 F = Vault count percentage of total count
                 A         B        C        D         E       F
            +---------+---------+-------+---------+---------+-------
      Total |    1127 |     519 |  31.5 |      93 |       3 |   3.1
            +---------+---------+-------+---------+---------+-------
        D:1 |      25 |       0 |   0.0 |      18 |       0 |   0.0
        D:2 |      85 |      37 |  30.3 |      23 |       1 |   4.2
        D:3 |      51 |     482 |  90.4 |      16 |       2 |  11.1
        D:4 |     740 |       0 |   0.0 |      24 |       0 |   0.0
        D:5 |     226 |       0 |   0.0 |      12 |       0 |   0.0
            +---------+---------+-------+---------+---------+-------
